 Dungeon Crawl Stone Soup version 0.28.0-43-g3370ac3207 (webtiles) character file.

Game seed: 4267022473619548811

811 Ablot the Grasshopper (level 7, -5/56 HPs)
             Began as a Gnoll Warper on Mar 16, 2022.
             Killed by nerve-wracking pain
             ... invoked by Grinder
              (7 damage)
             ... on level 5 of the Dungeon.
             The game lasted 00:10:07 (6380 turns).

Ablot the Grasshopper (Gnoll Warper)                Turns: 6380, Time: 00:10:07

Health: -5/56      AC:  3    Str: 12    XL:     7   Next: 93%
Magic:  15/15      EV: 13    Int: 18    God:
Gold:   173        SH:  0    Dex: 12    Spells: 12/17 levels left

rFire   . . .      SeeInvis .   v - +2 dagger (venom)
rCold   . . .      Faith    .   (no shield)
rNeg    . . .      Spirit   .   b - +0 leather armour
rPois   .          Reflect  .   (no helmet)
rElec   .          Harm     .   (no cloak)
rCorr   .          Rampage  .   (no gloves)
Will    .....                   (no boots)
Stlth   ++........              (no amulet)
HPRegen 0.18/turn               p - +6 ring of intelligence
MPRegen 0.14/turn               (no ring)

@: flying
A: fangs 1, strong nose, distributed training
a: no special abilities


You were on level 5 of the Dungeon.
You visited 1 branch of the dungeon, and saw 5 of its levels.
You also visited: Sewer.

You collected 173 gold pieces.

Inventory:

Hand Weapons
 a - a +0 spear
 v - a +2 dagger of venom (weapon)
Missiles
 d - 2 boomerangs of dispersal
 e - 69 bolts
 h - 104 stones
 j - 2 boomerangs (quivered)
 l - 35 arrows
 m - 2 poisoned darts
 s - a throwing net
Armour
 b - a +0 leather armour (worn)
Magical Staves
 w - a staff of fire
Jewellery
 p - a +6 ring of intelligence (left hand)
 r - a ring of fire
Scrolls
 c - 2 scrolls of blinking
 g - 2 scrolls of amnesia {unknown}
 i - a scroll of identify {unknown}
 k - a scroll of magic mapping {unknown}
 q - 3 scrolls of teleportation {unknown}
 t - a scroll of noise {unknown}
 y - a scroll of fear {unknown}
Potions
 f - 2 potions of curing {unknown}
 n - 4 potions of heal wounds {unknown}
 o - 3 potions of flight
 u - a potion of lignification {unknown}
 x - 2 potions of attraction {unknown}
 z - a potion of haste {unknown}
 A - 2 potions of cancellation {unknown}
 B - a potion of mutation {unknown}


   Skills:
 + Level 5.4 Fighting
 + Level 2.8 Short Blades
 + Level 2.8 Long Blades
 + Level 2.8 Axes
 + Level 2.8 Maces & Flails
 + Level 5.4 Polearms
 + Level 2.8 Staves
 + Level 2.8 Slings
 + Level 2.8 Bows
 + Level 2.8 Crossbows
 + Level 3.8 Throwing
 + Level 3.8 Armour
 + Level 5.4 Dodging
 + Level 2.8 Stealth
 + Level 2.8 Shields
 + Level 2.8 Unarmed Combat
 + Level 5.8 Spellcasting
 + Level 2.2 Conjurations
 + Level 2.2 Hexes
 + Level 2.2 Summonings
 + Level 2.2 Necromancy
 + Level 5.9 Translocations
 + Level 2.2 Transmutations
 + Level 2.2 Fire Magic
 + Level 2.2 Ice Magic
 + Level 2.2 Air Magic
 + Level 2.2 Earth Magic
 + Level 2.2 Poison Magic
 + Level 3.1 Invocations
 + Level 2.8 Evocations


You had 12 spell levels left.
You knew the following spells:

 Your Spells              Type           Power      Damage    Failure   Level
a - Blink                 Tloc           52%        N/A       1%          2
b - Wereblood             Tmut           13%        N/A       10%         2
c - Beastly Appendage     Tmut           26%        N/A       6%          1

Your spell library contained the following spells:

 Spells                   Type           Power      Damage    Failure   Level
 Gell's Gravitas          Tloc           26%        N/A       4%          3
 Lesser Beckoning         Tloc           26%        N/A       4%          3
 Teleport Other           Tloc           26%        N/A       4%          3
 Spider Form              Tmut/Pois      13%        N/A       19%         3
 Manifold Assault         Tloc           26%        N/A       36%         5


Dungeon Overview and Level Annotations

Branches:
Dungeon (5/15)              Sewer (visited)
 Temple: D:4-7

Altars:
Cheibriados
Qazlal
Zin

Annotations:
D:4 3 runed translucent doors, exclusion: player ghost, Xye's ghost, amateur DrCj
D:5 Grinder


Innate Abilities, Weirdness & Mutations

You have very sharp teeth.
Your uncanny sense of smell can sniff out nearby items.
Your experience applies equally to all skills.


Message History

Aim: Grinder (heavily wounded, 57% to hit)
You throw a boomerang. The boomerang closely misses Grinder.
Unknown command.
You hit Grinder. Your bite misses Grinder.
Grinder is severely wounded.
Grinder hits you!
You writhe in agony.
You hit Grinder but do no damage.
Grinder is severely wounded.
Grinder says, "Are you a fish?" Grinder closely misses you.
You hit Grinder.
Grinder is severely wounded.
Grinder closely misses you.
You barely miss Grinder. You punch Grinder. Your bite misses Grinder.
Grinder is severely wounded.
You hit Grinder.
Grinder is severely wounded.
Grinder says, "You look like you could use a good racking."
Grinder gestures at you. Pain shoots through your body!
You closely miss Grinder.
Grinder is severely wounded.
Grinder says, "Don't move a muscle."
Grinder gestures at you.
You suddenly lose the ability to move!
Grinder hits you!
You writhe in agony.
Grinder blinks!
Grinder blinks!
Grinder hits you.
You writhe in agony.
* * * LOW HITPOINT WARNING * * *
Grinder hits you!
* * * LOW HITPOINT WARNING * * *
You can move again.
Unknown command.
It was a potion of flight.
You feel very buoyant.
You fly up into the air.
Grinder gestures at you. Pain shoots through your body!
You die...

### ..# ...
#.# #.# #)#
#5# #......
#@# ##.......
#.#
##........ .
#.#
#......... ..
#.#
#.........
^.. #.#
#.........
......Z #.#
#.........
.......####.#
#......... ∆
..l......#.#
##........
.... #.#.#
####.......


You could see Grinder.

Vanquished Creatures
  Pargi (Sewer)
  2 ice beasts
  2 ogres
  A jelly (D:4)
  A hound (D:5)
  A centaur skeleton (D:4)
  A scorpion zombie (D:5)
  An iguana (D:5)
  An orc wizard (D:5)
  A hound zombie (D:5)
  3 gnolls (D:3)
  7 adders
  A worm (D:2)
  3 dart slugs
  2 orcs (D:5)
  5 endoplasms
  10 giant cockroaches
  11 goblins
  2 hobgoblins (D:1)
  10 jackals
  4 quokkas
  16 ball pythons
  9 bats
  9 frilled lizards
  A kobold (D:4)
  9 rats
114 creatures vanquished.

Notes
Turn   | Place    | Note
-------+----------+-------------------------------------------
     0 | D:1      | Ablot the Gnoll Warper began the quest for the Orb.
     0 | D:1      | Reached XP level 1. HP: 20/20 MP: 6/6
   136 | D:1      | Reached XP level 2. HP: 24/26 MP: 7/7
   142 | D:1      | Learned a level 2 spell: Blink
   864 | D:1      | Reached XP level 3. HP: 30/31 MP: 9/9
   936 | D:1      | Reached skill level 5 in Spellcasting
  1472 | D:2      | Reached skill level 1 in Invocations
  1617 | D:2      | Reached skill level 1 in Short Blades
  1617 | D:2      | Reached skill level 1 in Long Blades
  1617 | D:2      | Reached skill level 1 in Axes
  1617 | D:2      | Reached skill level 1 in Maces & Flails
  1617 | D:2      | Reached skill level 1 in Staves
  1617 | D:2      | Reached skill level 1 in Slings
  1617 | D:2      | Reached skill level 1 in Bows
  1617 | D:2      | Reached skill level 1 in Crossbows
  1617 | D:2      | Reached skill level 1 in Stealth
  1617 | D:2      | Reached skill level 1 in Shields
  1617 | D:2      | Reached skill level 1 in Unarmed Combat
  1617 | D:2      | Reached skill level 1 in Evocations
  1791 | D:2      | Reached XP level 4. HP: 15/38 MP: 11/11
  2146 | D:2      | Found a faded altar of an unknown god.
  2415 | D:3      | Learned a level 2 spell: Wereblood
  2417 | D:3      | Learned a level 1 spell: Beastly Appendage
  2452 | D:3      | Noticed an ice beast
  2501 | D:3      | Found a glowing silver altar of Zin.
  2545 | D:3      | Found a snail-covered altar of Cheibriados.
  2602 | D:3      | Killed an ice beast
  2603 | D:3      | Reached skill level 1 in Conjurations
  2603 | D:3      | Reached skill level 1 in Hexes
  2603 | D:3      | Reached skill level 1 in Summonings
  2603 | D:3      | Reached skill level 1 in Necromancy
  2603 | D:3      | Reached skill level 1 in Transmutations
  2603 | D:3      | Reached skill level 1 in Fire Magic
  2603 | D:3      | Reached skill level 1 in Ice Magic
  2603 | D:3      | Reached skill level 1 in Air Magic
  2603 | D:3      | Reached skill level 1 in Earth Magic
  2603 | D:3      | Reached skill level 1 in Poison Magic
  2603 | D:3      | Reached XP level 5. HP: 19/43 MP: 10/12
  3913 | D:4      | Reached XP level 6. HP: 50/50 MP: 13/13
  3944 | D:4      | Found a glowing drain.
  3953 | Sewer    | Entered a sewer
  4021 | Sewer    | Noticed Pargi
  4036 | Sewer    | Killed Pargi
  4037 | Sewer    | Reached skill level 5 in Fighting
  4037 | Sewer    | Reached skill level 5 in Polearms
  4037 | Sewer    | Reached skill level 5 in Dodging
  5087 | D:4      | Reached XP level 7. HP: 30/56 MP: 15/15
  5263 | D:4      | Found a runed translucent gate.
  5263 | D:4      | Found a runed translucent gate.
  5263 | D:4      | Found a runed translucent gate.
  5265 | D:4      | Noticed Xye's ghost (amateur DrCj)
  5688 | D:5      | Entered Level 5 of the Dungeon
  6247 | D:5      | Noticed a water elemental
  6249 | D:5      | Found a stormy altar of Qazlal.
  6251 | D:5      | Noticed an air elemental
  6251 | D:5      | Noticed a fire elemental
  6333 | D:5      | Noticed Grinder
  6373 | D:5      | Paralysed by Grinder for 6 turns
  6379 | D:5      | HP: 1/56 [Grinder (10)]
  6380 | D:5      | Killed from afar by Grinder

Illustrated notes

Levels and vault maps discovered:
D:1:      shiori_shiawase, layout_basic
D:2:      layout_rooms, hellmonk_ecumenical_altar_heavens_door
D:3:      minmay_roachtagon, layout_basic, cheibriados_altar_1, zin_treasury,
          serial_curves, eino_curves_02, eino_curves_04
D:4:      layout_basic, ebering_ghost_rock_garden, portal_sewer_entry_d,
          kennysheep_generic_room_13
D:5:      layout_basic, nicolae_qazlal_style_of_elements, uniq_edmund,
          uniq_grinder

Skill      XL: |  1  2  3  4  5  6  7 |
---------------+----------------------+-----
Spellcasting   | 5 |  5.8
Invocations    | 1 2 3 |  3.1
Short Blades   | 1 2 |  2.8
Long Blades    | 1 2 |  2.8
Axes           | 1 2 |  2.8
Maces & Flails | 1 2 |  2.8
Staves         | 1 2 |  2.8
Slings         | 1 2 |  2.8
Bows           | 1 2 |  2.8
Crossbows      | 1 2 |  2.8
Stealth        | 1 2 |  2.8
Shields        | 1 2 |  2.8
Unarmed Combat | 1 2 |  2.8
Evocations     | 1 2 |  2.8
Throwing       | 3 |  3.8
Armour         | 3 |  3.8
Conjurations   | 1 2 |  2.2
Hexes          | 1 2 |  2.2
Summonings     | 1 2 |  2.2
Necromancy     | 1 2 |  2.2
Transmutations | 1 2 |  2.2
Fire Magic     | 1 2 |  2.2
Ice Magic      | 1 2 |  2.2
Air Magic      | 1 2 |  2.2
Earth Magic    | 1 2 |  2.2
Poison Magic   | 1 2 |  2.2
Fighting       | 5 |  5.4
Polearms       | 5 |  5.4
Dodging        | 5 |  5.4
Translocations | |  5.9

Action                   |  1- 3 |  4- 6 |  7- 9 || total
-------------------------+-------+-------+-------++-------
Melee: Spear             |   197 |   128 |     9 ||   334
       Bite              |    14 |    18 |    13 ||    45
       Punch             |     2 |     1 |     1 ||     4
       Kick              |       |     6 |       ||     6
       Headbutt          |       |     5 |       ||     5
       Dagger            |       |    59 |    74 ||   133
Throw: Boomerang         |     2 |    13 |    27 ||    42
       Dart              |       |     2 |     4 ||     6
 Cast: Beastly Appendage |       |     3 |       ||     3
       Blink             |       |     6 |       ||     6
  Use: Potion            |       |       |     1 ||     1
 Stab: Sleeping          |     3 |     2 |     1 ||     6
Armor: Leather armour    |    37 |    28 |     8 ||    73
Dodge: Dodged            |   111 |   120 |    50 ||   281
